 Dungeon Crawl Stone Soup version 0.20-a0-1000-g0e8f6bb (webtiles) character file.

35447 Monsterracer the Unseen (level 13, -3/68 HPs)
             Began as a Spriggan Enchanter on Apr 12, 2017.
             Was the Champion of Dithmenos.
             Slain by a black mamba (18 damage)
             ... on level 4 of the Lair of Beasts.
             The game lasted 01:22:16 (19514 turns).

Monsterracer the Unseen (Spriggan Enchanter)       Turns: 19514, Time: 01:22:17

Health: -3/68      AC:  8    Str:  4    XL:     13   Next: 47%
Magic:  35/35      EV: 31    Int: 20    God:    Dithmenos [******]
Gold:   846        SH:  0    Dex: 18    Spells: 5/28 levels left

rFire    + . .     SeeInvis +   x - +6 dagger (elec)
rCold    + . .     Gourm    .   (shield restricted)
rNeg     . . .     Faith    .   G - +0 steam dragon scales
rPois    .         Spirit   .   z - +2 hat
rElec    .         Reflect  .   m - +0 cloak
rCorr    .         Harm     +   (gloves unavailable)
MR       ++...                  (boots unavailable)
Stlth    ++++++++++             g - amulet of harm
Regen    0.3/turn               l - ring of magical power
MPRegen  0.3/turn               s - ring of wizardry

@: wreathed by umbra, very quick
A: unfitting armour, see invisible, cold resistance 1, fire resistance 1,
herbivore 3, speed 3, slow metabolism 2
a: Shadow Step, Shadow Form, Renounce Religion


You were on level 4 of the Lair of Beasts.
You worshipped Dithmenos.
Dithmenos was exalted by your worship.
You were not hungry.

You visited 2 branches of the dungeon, and saw 15 of its levels.

You collected 958 gold pieces.
You spent 112 gold pieces at shops.

Inventory:

Hand Weapons
 x - a +6 dagger of electrocution (weapon)
Armour
 m - a +0 cloak (worn)
 z - a +2 hat (worn)
 G - +0 steam dragon scales (worn)
Jewellery
 e - an uncursed ring of positive energy
 g - an amulet of harm (around neck)
 j - an uncursed ring of teleportation
 l - a ring of magical power (left hand)
 p - an uncursed ring of protection from magic
 s - a ring of wizardry (right hand)
 D - an uncursed ring of ice
 E - an uncursed ring of stealth
 I - an uncursed ring of protection from cold
Wands
 w - a wand of iceblast (11/15)
 B - a wand of polymorph (13/24)
 F - a wand of iceblast (4/15)
 H - a wand of confusion (23/48)
 J - a wand of enslavement (14/24)
Scrolls
 c - 3 scrolls of blinking
 f - 2 scrolls of amnesia
 k - 10 scrolls of remove curse
 o - 5 scrolls of teleportation
 t - 3 scrolls of magic mapping
 u - 4 scrolls of identify
 v - 2 scrolls of fog
 y - a scroll of recharging
 K - 2 scrolls of fear
Potions
 a - 5 potions of brilliance
 b - 2 potions of curing
 h - 3 potions of flight
 i - 2 potions of berserk rage
 n - 4 potions of heal wounds
 r - 3 potions of mutation
 A - a potion of resistance
 C - a potion of might
Comestibles
 d - 12 bread rations
 q - 3 fruits
 L - 16 royal jellies


   Skills:
 - Level 8.0 Fighting
 - Level 10.0 Short Blades
 - Level 14.0 Dodging
 + Level 17.3 Stealth
 - Level 8.0 Spellcasting
 - Level 11.3 Hexes
 - Level 5.1 Charms
 - Level 3.0 Invocations


You had 5 spell levels left.
You knew the following spells:

 Your Spells              Type           Power        Failure   Level  Hunger
a - Confuse               Hex            ######..     1%          3    None
b - Ensorcelled Hibernat  Hex/Ice        ####..       1%          2    None
c - Tukima's Dance        Hex            ######..     1%          3    None
d - Dazzling Spray        Conj/Hex       ####..       1%          3    None
e - Summon Butterflies    Summ           #.......     4%          1    None
f - Deflect Missiles      Chrm/Air       ###.......   98%         6    ######.
g - Blink                 Tloc           N/A          6%          2    None
h - Mephitic Cloud        Conj/Pois/Air  #.......     10%         3    None


Dungeon Overview and Level Annotations

Branches:
Dungeon (11/15)            Temple (0/1) D:6            Lair (4/6) D:11
  Swamp (0/4) Lair:4        Snake (0/4) Lair:2          Orc (0/2) D:11

Altars:
Cheibriados
Dithmenos
Elyvilon
Fedhas
Hepliaklqana
Kikubaaqudgha
Okawaru
Qazlal
Uskayaw
Xom
Zin
The Shining One

Shops:
D:5 !

Portals:
Ice
Cave: Lair:4

Annotations:
D:3 inmateoo's ghost, amateur HOFi
D:7 1 runed door, exclusion: 4 orange crystal statues
Lair:3 exclusion: 3 oklob plants


Innate Abilities, Weirdness & Mutations

You are very small and have problems with some larger weapons.
You are too small for most types of armour.
You have supernaturally acute eyesight. (SInv)
You are a herbivore.
You cover ground extremely quickly.
You need consume almost no food.
Your flesh is cold resistant. (rC+)
Your flesh is heat resistant. (rF+)


Message History

You hit the plant but do no damage. The black mamba bites you!
You emit a cloud of dark smoke.
You are poisoned.
The black mamba poisons you!
You bump into the tree.
You feel less confused.
You feel sick. The black mamba misses you. The black mamba bites you.
You barely miss the black mamba.
The black mamba is almost dead.
The black mamba bites you.
* * * LOW HITPOINT WARNING * * *
Wield which item (- for none, * to show all)? (? for menu, Esc to quit)
Okay, then.
You feel better. The black mamba bites you!
* * * LOW HITPOINT WARNING * * *
The black mamba misses you.
You miss the black mamba.
The black mamba is almost dead.
Your shadow misses the black mamba. The black mamba bites you!
You die...

***,,**≈≈**,..*,,,,,,,,,,,
*,,**,≈♣♣♣..♣*,,,,,****,,
**,,**≈≈%♣P.♣,,,*,,,*,,,,
**,,,♣♣≈≈.≈.*,,,,,,,,,,*,
*,,,**.$≈≈♣♣♣..#.#*,,,...
*,,,,♣♣†≈§♣♣P..#.#**,,..P
**,,*♣Pk♣§≈♣♣≈.#.#*,*....
*#..♣♣♣S♣♣§≈≈≈.#.###,....
#......P@P§≈.....PP##....
##.)#.##§PPP#.#..........
***#,...*#§PPP.##....#†....
**,*,#.P,*#............#,,**
*,,,....,*##......##...#.###
*,,###.*,,*#.....####.P##...
**,** ##****#...#.# #.###.#.
*,,** #..##.#* #.###..#
**∩,****** #..#...*##...#.##


You could see a black mamba and a swamp drake.

Vanquished Creatures
  Gastronok (D:8)
  The ghost of Hybris the Carver, a journeyman HuFi of Elyvilon (D:10)
  2 hydras (Lair:1)
  4 two-headed ogres
  Sonja (Lair:1)
  2 unseen horrors
  A necromancer (Lair:3)
  Pikel (D:9)
  A deep elf mage (D:11)
  2 ugly things
  4 elephants
  Joseph (D:8)
  A black mamba (Lair:3)
  6 spiny frogs
  3 rime drakes
  A komodo dragon (Lair:1)
  3 trolls
  A queen bee (Lair:2)
  Prince Ribbit (D:7)
  A hornet (D:11)
  2 polar bears
  2 hippogriffs
  A wraith (D:11)
  2 basilisks
  Grum (D:8)
  23 yaks
  A human (D:7)
  4 hogs (D:7)
  A hungry ghost (D:10)
  A steam dragon (D:10)
  4 wargs
  3 nagas (Lair:2)
  Menkaure (D:5)
  4 porcupines
  22 water moccasins
  Duvessa (D:7)
  11 orc warriors
  13 ice beasts
  2 sky beasts
  3 centaurs
  A black bear (D:9)
  5 ogres
  A necrophage (D:6)
  2 phantoms
  8 wolves
  6 crocodiles
  2 big kobolds
  12 bullfrogs
  A wyvern skeleton (D:11)
  Dowan (D:7)
  4 scorpions
  38 killer bees
  5 wights (D:11)
  10 howler monkeys
  5 crimson imps
  A centaur zombie (D:5)
  3 jellies
  2 bullfrog skeletons (D:6)
  7 orc priests
  Crazy Yiuf (D:3)
  8 hounds
  4 iguanas
  19 orc wizards
  A polar bear simulacrum (Lair:3)
  9 worker ants
  3 yak simulacra (Lair:3)
  3 wolf simulacra (Lair:3)
  A bullfrog simulacrum (D:10)
  A hound zombie (D:8)
  2 hound skeletons
  Robin (D:2)
  A howler monkey skeleton (D:6)
  32 adders
  4 gnolls (D:4)
  A shadow imp (D:5)
  A white imp (D:10)
  2 worker ant simulacra (D:10)
  An ooze (D:4)
  An adder zombie (D:8)
  An adder skeleton (D:5)
  4 worms
  2 dart slugs
  4 leopard geckos
  40 orcs
  2 ball pythons
  5 giant cockroaches
  10 goblins
  11 hobgoblins
  4 jackals
  6 quokkas
  14 bats
  3 frilled lizards
  A giant cockroach zombie (D:5)
  A jackal skeleton (D:5)
  A jackal zombie (D:6)
  23 kobolds
  A quokka skeleton (D:4)
  5 rats
  4 river rat simulacra (Lair:3)
492 creatures vanquished.

Vanquished Creatures (collateral kills)
  An orc warrior (D:11)
1 creature vanquished.

Vanquished Creatures (others)
  A human (D:2)
  An orc (D:9)
  A fungus (Lair:1)
  3 plants (Lair:3)
6 creatures vanquished.

Grand Total: 499 creatures vanquished

Notes
Turn   | Place    | Note
-------+----------+-------------------------------------------
     0 | D:1      | Monsterracer the Spriggan Enchanter began the quest for the Orb.
     0 | D:1      | Reached XP level 1. HP: 9/9 MP: 5/5
   224 | D:1      | Reached skill level 5 in Stealth
   224 | D:1      | Reached XP level 2. HP: 13/13 MP: 4/6
   228 | D:1      | Learned a level 2 spell: Ensorcelled Hibernation
   386 | D:1      | Found a white marble altar of Elyvilon.
   388 | D:1      | Found a shimmering altar of Xom.
   388 | D:1      | Found a glowing golden altar of the Shining One.
   390 | D:1      | Found a glowing silver altar of Zin.
   390 | D:1      | Found a shimmering altar of Xom.
   390 | D:1      | Found a sacrificial altar of Ru.
  1220 | D:2      | Reached XP level 3. HP: 16/16 MP: 8/8
  1308 | D:2      | Noticed Robin
  1544 | D:2      | Found a shadowy altar of Dithmenos.
  1549 | D:2      | Became a worshipper of Dithmenos the Shadowed
  1563 | D:2      | Killed Robin
  1563 | D:2      | Reached skill level 6 in Stealth
  1730 | D:2      | Learned a level 3 spell: Confuse
  1985 | D:2      | Reached XP level 4. HP: 9/21 MP: 3/9
  2154 | D:2      | Learned a level 3 spell: Tukima's Dance
  2215 | D:2      | Found an ancient bone altar of Kikubaaqudgha.
  2215 | D:2      | Found a glowing silver altar of Zin.
  2215 | D:2      | Noticed a human
  2218 | D:2      | Killed a human
  2667 | D:3      | Noticed a bullfrog
  2674 | D:3      | Killed a bullfrog
  2674 | D:3      | Reached skill level 7 in Stealth
  2674 | D:3      | Reached XP level 5. HP: 23/24 MP: 10/10
  2725 | D:3      | Found a snail-covered altar of Cheibriados.
  2849 | D:3      | Reached * piety under Dithmenos
  3021 | D:3      | Found a runed door.
  3025 | D:3      | Noticed Crazy Yiuf
  3150 | D:3      | Killed Crazy Yiuf
  3310 | D:3      | Noticed inmateoo's ghost (amateur HOFi)
  3822 | D:4      | Noticed an ogre
  3829 | D:4      | Killed an ogre
  3829 | D:4      | Reached skill level 8 in Stealth
  3829 | D:4      | Reached XP level 6. HP: 28/28 MP: 11/11
  4333 | D:4      | Reached skill level 5 in Short Blades
  5029 | D:4      | Noticed a sky beast
  5039 | D:4      | Killed a sky beast
  5039 | D:4      | Reached skill level 9 in Stealth
  5039 | D:4      | Reached XP level 7. HP: 32/32 MP: 12/12
  5156 | D:5      | Entered Level 5 of the Dungeon
  5172 | D:5      | Noticed a two-headed ogre
  5398 | D:5      | Reached skill level 5 in Hexes
  5412 | D:5      | Learned a level 3 spell: Dazzling Spray
  5465 | D:5      | Found an iron altar of Okawaru.
  5535 | D:5      | Reached ** piety under Dithmenos
  5682 | D:5      | Noticed Menkaure
  5684 | D:5      | Found Neodydod's Distillery.
  5689 | D:5      | Killed Menkaure
  5689 | D:5      | Reached skill level 5 in Spellcasting
  5689 | D:5      | Reached XP level 8. HP: 17/36 MP: 16/16
  5697 | D:5      | Bought a potion of mutation for 112 gold pieces
  6231 | D:5      | Killed a two-headed ogre
  6231 | D:5      | Reached skill level 10 in Hexes
  6394 | D:5      | Found a hazy altar of Hepliaklqana.
  6560 | D:5      | Reached skill level 1 in Fighting
  6636 | D:6      | Reached XP level 9. HP: 41/41 MP: 17/17
  6658 | D:6      | Reached skill level 5 in Dodging
  6952 | D:6      | Noticed a cyan ugly thing
  6971 | D:6      | Killed a cyan ugly thing
  7048 | D:6      | Found a staircase to the Ecumenical Temple.
  7265 | D:6      | Gained mutation: Your flesh is heat resistant. (rF+) [potion of mutation]
  7265 | D:6      | Gained mutation: Your flesh is cold resistant. (rC+) [potion of mutation]
  7476 | D:6      | Found a hide-covered altar of Uskayaw.
  7703 | D:7      | Reached *** piety under Dithmenos
  7923 | D:7      | Reached skill level 10 in Stealth
  8100 | D:7      | Noticed Duvessa
  8100 | D:7      | Noticed Dowan
  8112 | D:7      | Killed Dowan
  8139 | D:7      | Killed Duvessa
  8205 | D:7      | Noticed Prince Ribbit
  8210 | D:7      | Killed Prince Ribbit
  8210 | D:7      | Reached XP level 10. HP: 49/49 MP: 18/18
  8254 | D:7      | Found a runed door.
  8276 | D:7      | Noticed an orange crystal statue
  8276 | D:7      | Noticed an orange crystal statue
  8276 | D:7      | Noticed an orange crystal statue
  8276 | D:7      | Noticed an orange crystal statue
  8346 | D:7      | Found a runed door.
  8422 | D:7      | Reached skill level 11 in Stealth
  8630 | D:7      | Identified the Incunabulum of Supportive Augmentations
  8635 | D:7      | Learned a level 1 spell: Summon Butterflies
  8642 | D:7      | Learned a level 6 spell: Deflect Missiles
  9062 | D:8      | Found a glowing golden altar of the Shining One.
  9156 | D:8      | Found a shimmering altar of Xom.
  9272 | D:8      | Noticed Gastronok
  9278 | D:8      | Killed Gastronok
  9278 | D:8      | Reached skill level 13 in Stealth
  9323 | D:8      | Reached **** piety under Dithmenos
  9340 | D:8      | Found a blossoming altar of Fedhas.
  9431 | D:8      | Noticed Grum
  9443 | D:8      | Killed Grum
  9443 | D:8      | Reached skill level 14 in Stealth
  9623 | D:8      | Noticed Joseph
  9625 | D:8      | Killed Joseph
  9642 | D:8      | Found a stormy altar of Qazlal.
  9987 | D:9      | Noticed Pikel
  9996 | D:9      | Killed Pikel
  9996 | D:9      | Reached XP level 11. HP: 40/54 MP: 20/20
 10309 | D:9      | Reached skill level 5 in Fighting
 10659 | D:9      | Found a white marble altar of Elyvilon.
 11092 | D:10     | Entered Level 10 of the Dungeon
 11180 | D:10     | Noticed an unseen horror
 11233 | D:10     | Killed an unseen horror
 12202 | D:10     | Noticed a two-headed ogre
 12395 | D:9      | Reached ***** piety under Dithmenos
 12484 | D:9      | Killed a two-headed ogre
 12493 | D:9      | Reached skill level 10 in Short Blades
 12938 | D:10     | Noticed Hybris's ghost (journeyman HuFi)
 12956 | D:10     | Killed Hybris's ghost
 13199 | D:10     | Reached XP level 12. HP: 61/61 MP: 25/25
 13652 | D:11     | Reached skill level 10 in Dodging
 13664 | D:11     | Found a staircase to the Orcish Mines.
 13755 | D:11     | Found a staircase to the Lair.
 13956 | D:11     | Reached skill level 15 in Stealth
 14080 | D:11     | Noticed a two-headed ogre
 14094 | D:11     | Killed a two-headed ogre
 14219 | D:11     | Noticed a two-headed ogre
 14229 | D:11     | Killed a two-headed ogre
 15141 | Lair:1   | Entered Level 1 of the Lair of Beasts
 15377 | Lair:1   | Learned a level 2 spell: Blink
 15446 | Lair:1   | Noticed Sonja
 15455 | Lair:1   | Killed Sonja
 15653 | Lair:1   | Noticed a seven-headed hydra
 15675 | Lair:1   | Killed a seven-headed hydra
 15675 | Lair:1   | Reached skill level 1 in Charms
 15675 | Lair:1   | Reached skill level 1 in Invocations
 15904 | Lair:1   | Noticed a six-headed hydra
 15911 | Lair:1   | Killed a six-headed hydra
 15911 | Lair:1   | Reached skill level 16 in Stealth
 16204 | Lair:1   | Reached ****** piety under Dithmenos
 16495 | Lair:2   | Identified the Grimoire of the Supportive Volcanoes
 16522 | Lair:2   | Found a staircase to the Snake Pit.
 17252 | Lair:2   | Reached XP level 13. HP: 67/67 MP: 26/26
 18153 | Lair:3   | Reached skill level 5 in Charms
 18407 | Lair:1   | Learned a level 3 spell: Mephitic Cloud
 19380 | Lair:4   | Found a frozen archway.
 19418 | Lair:4   | Reached skill level 17 in Stealth
 19514 | Lair:4   | Slain by a black mamba

Vault maps used:
D:1:      lightli_arrival_flooded_house, minivault_27, doesnt_xom_only_xom
D:2:      old_standard_altar, lemuel_crystal_altar, first_bread, hex_medium,
          hangedman_decor_opposing, tgw_kikubaaqudgha, uniq_robin
D:3:      nicolae_overflow_crystal_walls, marbit_many_paths,
          uniq_crazy_yiuf_cottage
D:4:      kennysheep_generic_room_16
D:5:      lemuel_coloured_pillars_altar, kennysheep_mini_moat, serial_shops,
          nicolae_shop_temple_entry_statues_fountains, grunt_ministairs_8,
          nrook_mini_backslash, uniq_menkaure
D:6:      kennysheep_little_box, minmay_temple_entry_enclosed_plants,
          st_stairs_1, hangedman_minor_gate_pass
D:7:      grunt_livestock, chequers_guarded_unrand_ignorance, uniq_duvessa,
          uniq_prince_ribbit1
D:8:      old_standard_altar, overflow_temple_1_default,
          overflow_temple_1_default, lemuel_doored_altar, uniq_gastronok,
          uniq_grum, uniq_joseph
D:9:      kennysheep_mini, uniq_pikel
D:10:     serial_ice, serial_ice_g, serial_ice_k, serial_ice_c, serial_ice_d,
          minmay_misc_feat_ornament
D:11:     erik_lair_orcish_takeover, david_orc_1_choice, minivault_11
Lair:1:   uniq_sonja
Lair:2:   minmay_snake_entry_guardpost_small, special_room
Lair:3:   lemuel_reptile_caves, eino_house_with_fridge,
          minmay_lair_oklob_chamber
Lair:4:   minmay_swamp_entry_worms, portal_ice_cave_entry_ice_beasts,
          lab_entry_generic, guppyfry_lair_drakes, uniq_josephine

Skill      XL: |  1  2  3  4  5  6  7  8  9 10 11 12 13 |
---------------+----------------------------------------+-----
Stealth        | 5 6 7 8 9 10 14 16 17 | 17.3
Short Blades   | 2 3 4 5 6 9 10 | 10.0
Hexes          | 4 7 10 11 | 11.3
Spellcasting   | 3 5 8 |  8.0
Fighting       | 1 4 6 7 8 |  8.0
Dodging        | 4 8 9 13 14 | 14.0
Charms         | 3 5 |  5.1
Invocations    | 2 3 |  3.0

Action                   |  1- 3 |  4- 6 |  7- 9 | 10-12 | 13-15 || total
-------------------------+-------+-------+-------+-------+-------++-------
Melee: Dagger            |    98 |   130 |   135 |   395 |   383 ||  1141
       Short sword       |    24 |       |       |       |       ||    24
 Cast: Corona            |     5 |       |       |       |       ||     5
       Ensorcelled Hiber |    12 |    52 |    48 |   112 |     4 ||   228
       Confuse           |       |     7 |    24 |    18 |     1 ||    50
       Tukima's Dance    |       |     1 |     1 |     2 |       ||     4
       Dazzling Spray    |       |       |    10 |   100 |    11 ||   121
       Summon Butterflie |       |       |       |     1 |       ||     1
  Use: Potion            |     4 |     1 |     4 |     1 |     1 ||    11
       Scroll            |     5 |     4 |     3 |     7 |     1 ||    20
 Stab: Sleeping          |    20 |    32 |    37 |    87 |     8 ||   184
       Confused          |       |     1 |    11 |     5 |       ||    17
       Distracted        |       |     1 |     3 |     5 |     5 ||    14
       Invisible         |       |       |     2 |    11 |     4 ||    17
  Eat: Bread ration      |       |     1 |     1 |       |       ||     2
       Royal jelly       |       |       |       |     4 |     1 ||     5
       Fruit             |       |       |       |     2 |     2 ||     4
Armor: Robe              |    18 |       |       |       |       ||    18
       Animal skin       |       |    24 |     2 |     4 |       ||    30
       Steam dragon scal |       |       |       |    18 |    20 ||    38
Dodge: Dodged            |    86 |    99 |    68 |   445 |   301 ||   999
